 Dungeon Crawl Stone Soup version 0.18-a0-995-gd892ad2 (webtiles) character file.

85 Oddball22 the Stinger (level 4, -18/27 HPs)
             Began as an Octopode Venom Mage on Jan 5, 2016.
             Killed from afar by Zex's ghost (23 damage)
             ... with a stone arrow
             ... on level 3 of the Dungeon.
             The game lasted 00:06:32 (2852 turns).

Oddball22 the Stinger (Octopode Venom Mage)         Turns: 2852, Time: 00:06:32

Health: -18/27     AC:  1    Str:  7    XL:     4   Next: 48%
Magic:  7/7        EV: 12    Int: 18    God:
Gold:   126        SH:  0    Dex: 12    Spells: 3 memorised, 1 level left

rFire  . . .     SeeInvis .     e - +0 club
rCold  . . .     Gourm    .     (no shield)
rNeg   . . .     Faith    .     (helmet restricted)
rPois  .         Spirit   .     (no amulet)
rElec  .         Dismiss  .     (no ring)
rCorr  .         Reflect  .     (no ring)
SustAt .         Harm     .     (no ring)
MR     .....                    (no ring)
Stlth  ++++......               (no ring)
                                (no ring)
                                (no ring)
                                (no ring)

@: not resistant to hostile enchantments, stealthy
A: almost no armour, amphibious, 8 rings, constrict 8, camouflage 1, gelatinous
body 1
a: no special abilities


You were on level 3 of the Dungeon.
You were not hungry.

You visited 1 branch of the dungeon, and saw 3 of its levels.

You collected 126 gold pieces.

Inventory:

Hand Weapons
 e - a +0 club (weapon)
 o - a +0 trident
Jewellery
 j - an uncursed ring of protection from magic {unknown}
Scrolls
 g - 2 scrolls of identify {unknown}
 k - 2 scrolls of remove curse {unknown}
 l - a scroll of blinking {unknown}
Potions
 c - 3 potions of lignification {unknown}
 d - a potion of poison {unknown}
 h - 2 potions of curing {unknown}
 i - a potion of flight {unknown}
 p - a potion of invisibility {unknown}
Books
 a - a Young Poisoner's Handbook

   Spells                             Type                      Level
   a - Sting                          Conjuration/Poison           1
   b - Cure Poison                    Poison                       2
   c - Mephitic Cloud                 Conjuration/Poison/Air       3
   d - Olgreb's Toxic Radiance        Poison                       4
   e - Venom Bolt                     Conjuration/Poison           5
Comestibles
 b - a bread ration
 f - a meat ration
 m - 9 chunks of flesh
 n - a beef jerky


   Skills:
 - Level 2.0 Dodging
 + Level 3.9 Stealth
 + Level 2.4 Spellcasting
 + Level 1.7 Conjurations
 * Level 5.6 Poison Magic


You had one spell level left.
You knew the following spells:

 Your Spells              Type           Power        Failure   Level  Hunger
a - Sting                 Conj/Pois      ###.         4%          1    #......
b - Mephitic Cloud        Conj/Pois/Air  ##......     21%         3    ###....
c - Cure Poison           Pois           ###.......   2%          2    ##.....


Dungeon Overview and Level Annotations

Branches:
Dungeon (3/15)

Altars:
Gozag

Annotations:
D:3 Zex's ghost, amateur GrEE


Innate Abilities, Weirdness & Mutations

You cannot wear most types of armour.
You are amphibious.
You can wear up to eight rings at the same time.
You can use your tentacles to constrict eight enemies at once.
Your skin changes colour to match your surroundings (Stealth).
Your rubbery body absorbs attacks (AC +1).


Message History

You constrict the goblin.
You kill the goblin!
There is an open door here.
Things that are here:
a leather armour; a scroll labeled FOJYDE DEUN
k - 2 scrolls labeled FOJYDE DEUN (gained 1) Zex's ghost gestures at you while chanting.
The stone arrow hits you!
* * * LOW HITPOINT WARNING * * *
Press: ? - help, v - describe, . - travel
Here: Zex's ghost The floor.
Zex's ghost gestures at you while chanting.
The rocky blast hits you!
* * * LOW HITPOINT WARNING * * *
Some of the chunks of flesh in your inventory have rotted away.
Zex's ghost points at you and mumbles some strange words.
The stone arrow hits you!
Ouch! That really hurt!
You die...

?.......)##..#..#
.........[......#
........###.#.## ...#....#
#.#.# ## #....# #.#.# #....#
#.W.# #.#### ##..# #.# #..#
#.# ##@#######
#######.########.##...[#
.................##..[.#
####....#######.>#.....#
###........#....#.....#####
..........#.#....#.....'...#
.###.####.#......#....###.###
#.. #.#.#..#.#....#.....#
...# #.#...<#.#.####.#.###


You could see Zex's ghost.

Vanquished Creatures
  2 adders (D:2)
  An ooze (D:2)
  2 worms (D:2)
  2 giant geckos (D:1)
  3 orcs (D:3)
  5 bats
  3 giant cockroaches (D:1)
  7 goblins
  9 hobgoblins
  2 jackals (D:3)
  A quokka (D:2)
  3 giant newts
  4 kobolds
  6 rats
50 creatures vanquished.

Notes
Turn   | Place    | Note
--------------------------------------------------------------
     0 | D:1      | Oddball22 the Octopode Venom Mage began the quest for the Orb.
     0 | D:1      | Reached XP level 1. HP: 11/11 MP: 3/3
   117 | D:1      | Reached skill level 5 in Poison Magic
   445 | D:1      | Reached XP level 2. HP: 17/17 MP: 3/5
   996 | D:1      | Reached XP level 3. HP: 21/21 MP: 4/6
  1004 | D:1      | Learned a level 3 spell: Mephitic Cloud
  1039 | D:1      | Reached skill level 1 in Conjurations
  1618 | D:2      | Learned a level 2 spell: Cure Poison
  1644 | D:2      | Found an opulent altar of Gozag.
  2045 | D:2      | Reached XP level 4. HP: 25/27 MP: 2/7
  2611 | D:3      | Noticed Zex's ghost (amateur GrEE)
  2740 | D:3      | Found an opulent altar of Gozag.
  2852 | D:3      | Killed from afar by Zex's ghost

Vault maps used:
D:1:      moated_graveyard_arrival
D:2:      lemuel_coloured_pillars_altar
D:3:      nicolae_gozag_cash_rules_everything_around_me

Action                   |  1- 3 |  4- 6 || total
-------------------------+-------+-------++-------
Melee: Club              |    48 |    16 ||    64
       Unarmed           |     1 |       ||     1
 Cast: Sting             |    50 |    24 ||    74
 Stab: Sleeping          |     4 |     1 ||     5
  Eat: Chunk             |     4 |     3 ||     7
